 Dungeon Crawl Stone Soup version 0.30.1-3-gfc49f6343a (webtiles) character file.

Game seed: 13058406362598486886

101020 Anriel the Basher (level 15, -4/130 HPs)
             Began as a Minotaur Gladiator on July 25, 2023.
             Was the Champion of Makhleb.
             Slain by a goliath frog (18 damage)
             ... on level 1 of the Swamp on July 26, 2023.
             The game lasted 02:21:58 (24579 turns).

Anriel the Basher (Minotaur Gladiator)             Turns: 24579, Time: 02:21:59

Health: -4/130     AC: 26    Str: 32    XL:     15   Next: 82%
Magic:  7/23       EV: 13    Int: 11    God:    Makhleb [******]
Gold:   1005       SH:  0    Dex: 12    Spells: 14/14 levels left

rFire   + + .        s - +0 great mace
rCold   + . .        (shield currently unavailable)
rNeg    . . .        u - +0 plate armour
rPois   .            l - +1 hat of the Snake Pit {rC+ Stlth+}
rElec   +            o - +0 cloak
rCorr   .            J - +3 Mad Mage's Maulers {Infuse+∞ VampMP -Cast}
SInv    .            p - +1 pair of boots
Will    +....        f - amulet of magic regeneration Stlth
                     A - +6 ring of strength
HPRegen 0.41/turn    e - ring "Qeqeihel" {rElec rF++ Int+6}
MPRegen 0.58/turn

%: no spellcasting, infuse magic (7 MP)
@: marked, slowed, very slow
A: horns 2, retaliatory headbutt
a: Renounce Religion, Minor Destruction, Lesser Servant of Makhleb, Major
Destruction, Greater Servant of Makhleb


You were on level 1 of the Swamp.
You worshipped Makhleb.
Makhleb was exalted by your worship.
You visited 5 branches of the dungeon, and saw 24 of its levels.
You also visited: Sewer and Gauntlet.

You collected 2368 gold pieces.
You spent 1363 gold pieces at shops.

Inventory:

Hand Weapons
 s - a +0 great mace (weapon)
 y - the +3 battleaxe "Yssez" {venom, Fly rElec rPois Int-3}
   (You found it in a Gauntlet)

   Int:       It affects your intelligence (-3).
   rElec:     It insulates you from electricity.
   rPois:     It protects you from poison.
   Fly:       It grants you flight.
 D - a +4 arbalest of freezing
 F - a +3 dire flail
Missiles
 a - 3 boomerangs of dispersal
 i - 6 boomerangs (quivered)
 O - 7 javelins
Armour
 l - the +1 hat of the Snake Pit (worn) {rC+ Stlth+}
   (You found it in a Gauntlet)

   rC:        It protects you from cold.
   Stlth:     It makes you more stealthy.
 o - a +0 cloak (worn)
 p - a +1 pair of boots (worn)
 u - a +0 plate armour (worn)
 v - a +0 cloak
 J - the +3 Mad Mage's Maulers (worn) {Infuse+∞ VampMP -Cast}
   (You found it in a Gauntlet)

   Infuse+∞: It empowers its wearer's blows with all of their magic.
   VampMP:    Blows struck in melee replenish the wearer's magic.
   -Cast:     It prevents spellcasting.
Magical Staves
 M - the staff of poison "Yhipubi" {rPois rN+ Int+2 Dex+3}
   (You took it off a minotaur in a Gauntlet)

   [staff of poison]

   Base accuracy: +5 Base damage: 5 Base attack delay: 1.2 This weapon's minimum
   attack delay (0.6) is reached at skill level 12.
   Int:       It affects your intelligence (+2).
   Dex:       It affects your dexterity (+3).
   rPois:     It protects you from poison.
   rN:        It protects you from negative energy.
   It falls into the 'Staves' category.
   It is a one-handed weapon.
Jewellery
 e - the ring "Qeqeihel" (right hand) {rElec rF++ Int+6}
   (You found it on level 8 of the Dungeon)

   [ring of intelligence]

   Int:       It affects your intelligence (+6).
   rF:        It greatly protects you from fire.
   rElec:     It insulates you from electricity.
 f - an amulet of magic regeneration (around neck)
 q - an amulet of guardian spirit
 A - a +6 ring of strength (left hand)
 U - a ring of see invisible
Wands
 d - a wand of digging (2)
 j - a wand of iceblast (15)
 w - a wand of acid (11)
 E - a wand of polymorph (8)
 N - a wand of flame (6)
 Q - a wand of paralysis (13)
Scrolls
 h - 9 scrolls of teleportation
 k - 3 scrolls of blinking
 n - 3 scrolls of summoning
 t - a scroll of magic mapping
 x - 4 scrolls of fog
 z - a scroll of identify
 I - 4 scrolls of fear
 L - 6 scrolls of immolation
Potions
 b - 7 potions of might
 c - 3 potions of heal wounds
 g - 3 potions of flight
 m - 6 potions of curing
 r - 2 potions of berserk rage
 B - a potion of invisibility
 C - 3 potions of ambrosia
 G - 2 potions of resistance
 H - 4 potions of haste
 P - a potion of cancellation
Miscellaneous
 R - a phantom mirror


   Skills:
 + Level 11.6 Fighting
 - Level 2.2(9.3) Axes
 - Level 14.0 Maces & Flails
 - Level 10.0 Throwing
 - Level 14.0 Armour
 + Level 13.0 Dodging
 * Level 12.7 Invocations
 + Level 9.7 Evocations


You had 14 spell levels left.
You didn't know any spells.
Your spell library contained the following spells:

 Spells                   Type           Power      Damage    Failure   Level
 Apportation              Tloc           0%         N/A       88%         1
 Beastly Appendage        Tmut           0%         N/A       88%         1
 Shock                    Conj/Air       0%         1d3       88%         1
 Slow                     Hex            0%         N/A       88%         1
 Summon Small Mammal      Summ           0%         N/A       88%         1
 Scorch                   Fire           0%         2d5       95%         2
 Wereblood                Tmut           0%         N/A       95%         2
 Call Canine Familiar     Summ           0%         N/A       99%         3
 Confusing Touch          Hex            0%         N/A       99%         3
 Hailstorm                Conj/Ice       0%         3d3       99%         3
 Ignite Poison            Fire/Tmut/Pois 0%         N/A       99%         3
 Spider Form              Tmut/Pois      0%         N/A       99%         3
 Summon Guardian Golem    Hex/Summ       0%         N/A       99%         3
 Swiftness                Air            0%         N/A       99%         3
 Vampiric Draining        Necr           0%         2d6       99%         3
 Airstrike                Air            0%         2d(0-16)  100%        4
 Anguish                  Hex/Necr       0%         N/A       100%        4
 Animate Armour           Summ/Erth      0%         N/A       100%        4
 Cause Fear               Hex            0%         N/A       100%        4
 Flame Wave               Conj/Fire      0%         2d4       100%        4
 Ice Form                 Ice/Tmut       0%         N/A       100%        4
 Sticky Flame             Conj/Fire      0%         2d3       100%        4
 Alistair's Intoxication  Tmut/Pois      0%         N/A       100%        5
 Blade Hands              Tmut           0%         N/A       100%        5
 Borgnjor's Vile Clutch   Necr/Erth      0%         N/A       100%        5
 Eringya's Noxious Bog    Tmut/Pois      0%         N/A       100%        6
 Iron Shot                Conj/Erth      0%         9d1       100%        6
 Simulacrum               Ice/Necr       0%         N/A       100%        6
 Summon Cactus Giant      Summ           0%         N/A       100%        6
 Enfeeble                 Hex            0%         N/A       100%        7
 Ignition                 Fire           0%         3d3       100%        8


Dungeon Overview and Level Annotations

Branches:
Dungeon (15/15)            Temple (1/1) D:4            Lair (5/5) D:9
  Swamp (1/4) Lair:3       Spider (0/4) Lair:3        Slime (0/5) Lair:5
    Orc (2/2) D:12            Elf (0/3) Orc:2        Vaults (0/5) D:13
 Depths (0/4) D:15          Sewer (visited)         Gauntlet (visited)

Altars:
Ashenzari
Cheibriados
Dithmenos
Elyvilon
Fedhas
Gozag
Hepliaklqana
Kikubaaqudgha
Makhleb
Nemelex Xobeh
Okawaru
Qazlal
Ru
Sif Muna
Trog
Uskayaw
Vehumet
Wu Jian
Xom
Yredelemnul
Zin
The Shining One
Lugonu

Shops:
Orc:2 ?[!?

Annotations:
Swamp:1 Aizul, Louise


Innate Abilities, Weirdness & Mutations

You have a pair of horns on your head.
You reflexively headbutt those who attack you in melee.


Message History

The vampire mosquito barely misses you. You furiously retaliate!
You headbutt the vampire mosquito!!
A spriggan rider comes into view. It is wielding a +0 spear.
The alligator puts on a burst of speed!
The vampire mosquito bites you.
The vampire mosquito draws strength from your injuries!
The vampire mosquito bites you but does no damage.
The goliath frog hits you but does no damage.
The vampire mosquito bites you but does no damage.
The vampire mosquito closely misses you.
You furiously retaliate!
You headbutt the vampire mosquito!
The vampire mosquito bites you but does no damage.
The spriggan rider hits you from afar with a +0 spear!
The goliath frog hits you but does no damage.
The vampire mosquito closely misses you.
You furiously retaliate!
You headbutt the vampire mosquito, but do no damage.
The goliath frog hits you but does no damage.
Aizul the Neglectful Guardian comes into view.
The vampire mosquito bites you but does no damage.
The spriggan rider hits you but does no damage.
The goliath frog hits you from afar.
* * * LOW HITPOINT WARNING * * *
You are splashed with acid.
* * * LOW HITPOINT WARNING * * *
The spriggan rider hits you from afar with a +0 spear!
* * * LOW HITPOINT WARNING * * *
The goliath frog closely misses you.
The vampire mosquito closely misses you.
You furiously retaliate!
You headbutt the vampire mosquito.
There is a staircase back to the Lair, spattered with blood here.
The vampire mosquito barely misses you. You furiously retaliate!
You headbutt the vampire mosquito.
The vampire mosquito closely misses you. x2
The goliath frog closely misses you.
The spriggan rider hits you but does no damage.
The spriggan rider hits you from afar with a +0 spear!
* * * LOW HITPOINT WARNING * * *
The vampire mosquito barely misses you. You furiously retaliate!
You headbutt the vampire mosquito. The goliath frog hits you from afar!!
You die...

♣♣♣♣♣ ♣.....
♣♣♣♣♣♣......
♣~....S.....
♣.yF~......~ ♣♣
♣♣@yi†~~~~~~~
♣♣..♣♣.t.i.~~.♣..
♣.~...~iFi@...♣
♣.~~.~~~.§§~~~♣
♣~~~.~~~§~~~~~~♣
♣...............~
♣~..~~.........~~..
♣$~~~~~.......~~~~♣
♣.~~~~(♣♣....~~~..♣


You could see Aizul, Louise, an alligator (swift), 4 spriggan riders, 2 goliath
frogs and 2 vampire mosquitoes.

Vanquished Creatures
  A fire giant (D:15)
  A stone giant (D:11)
  2 minotaurs
  Snorg (D:14)
  The ghost of unrecovered the Fighter, a journeyman DrTm of Ru (D:11)
  5 hydras
  5 centaur warriors
  10 two-headed ogres
  5 boulder beetles
  5 catoblepae (Lair:5)
  2 ogre magi
  22 death yaks
  A tengu warrior (D:14)
  An orc high priest (Orc:2)
  An alligator (Swamp:1)
  Nergalle (Lair:1)
  A skyshark (Lair:2)
  4 orc knights
  2 bog bodies
  4 wizards
  Pikel (D:6)
  A harpy (shapeshifter) (D:14)
  A lindwurm (Lair:5)
  A deep elf zephyrmancer (D:13)
  An orc sorcerer (Orc:2)
  14 ugly things
  A moth of wrath (Gauntlet)
  A cyclops (D:12)
  4 manticores
  16 elephants
  Joseph (D:9)
  A worldbinder (Gauntlet)
  8 black mambas
  12 cane toads
  2 torpor snails
  A rime drake (Lair:3)
  An efreet (D:15)
  8 komodo dragons
  An unseen horror (D:11)
  A yaktaur (D:11)
  3 meliai (D:14)
  A queen bee (D:11)
  A hornet (D:8)
  Prince Ribbit (D:8)
  8 trolls
  4 polar bears
  4 tyrant leeches (Swamp:1)
  4 blink frogs (Lair:4)
  4 slime creatures (D:13)
  5 wyverns
  Eustachio (D:5)
  3 wraiths
  41 yaks
  A redback (Lair:3)
  8 basilisks
  A swamp worm (Swamp:1)
  4 vampire mosquitoes
  4 acid dragons
  15 water moccasins
  Duvessa (D:5)
  An ice beast (D:6)
  38 orc warriors
  A sky beast (D:8)
  4 black bears
  2 boggarts (Gauntlet)
  11 ogres
  17 wolves
  31 centaurs
  A phantom (D:5)
  6 kobold brigands
  12 bullfrogs
  8 scorpions
  7 gnoll sergeants
  5 wights (D:8)
  Dowan (D:5)
  36 killer bees
  An electric eel (D:14)
  4 howler monkeys
  2 quasits (D:6)
  16 orc priests
  3 hounds
  6 jellies
  A gnoll bouda (D:7)
  A sleepcap (D:5)
  2 iguanas
  18 orc wizards
  26 gnolls
  10 adders
  2 river rats
  2 shadow imps
  14 white imps
  2 ufetubi
  6 worms
  5 dart slugs
  71 orcs
  7 bats
  5 endoplasms
  2 giant cockroaches
  6 goblins
  8 hobgoblins
  9 jackals
  5 quokkas
  3 ball pythons (D:1)
  3 frilled lizards
  12 kobolds
  10 rats
709 creatures vanquished.

Vanquished Creatures (collateral kills)
  A black mamba (Lair:3)
  A water moccasin (Lair:3)
  A wolf (Lair:3)
3 creatures vanquished.

Vanquished Creatures (others)
  2 orcs (Orc:2)
2 creatures vanquished.

Grand Total: 714 creatures vanquished

Notes
Turn   | Place    | Note
-------+----------+-------------------------------------------
     0 | D:1      | Anriel the Minotaur Gladiator began the quest for the Orb.
     0 | D:1      | Reached XP level 1. HP: 18/18 MP: 0/0
   123 | D:1      | Reached XP level 2. HP: 25/25 MP: 1/1
   201 | D:1      | Found a faded altar of an unknown god.
   351 | D:1      | Reached skill level 1 in Armour
   634 | D:1      | Reached XP level 3. HP: 31/31 MP: 2/2
  1052 | D:2      | Reached XP level 4. HP: 37/40 MP: 3/3
  2317 | D:4      | Reached XP level 5. HP: 45/47 MP: 4/4
  2558 | D:4      | Found a staircase to the Ecumenical Temple.
  2577 | Temple   | Entered the Ecumenical Temple
  2618 | Temple   | Became a worshipper of Makhleb the Destroyer
  2721 | D:4      | Reached skill level 5 in Fighting
  2772 | D:4      | Reached XP level 6. HP: 53/56 MP: 3/5
  2928 | D:5      | Entered Level 5 of the Dungeon
  2955 | D:5      | Found a glowing drain.
  2979 | Sewer    | Entered a sewer
  2989 | Sewer    | Reached skill level 5 in Maces & Flails
  3240 | Sewer    | Found a glowing silver altar of Zin.
  3315 | D:5      | Reached XP level 7. HP: 57/61 MP: 4/6
  3348 | D:5      | Noticed Duvessa
  3348 | D:5      | Noticed Dowan
  3360 | D:5      | Killed Duvessa
  3366 | D:5      | Killed Dowan
  3521 | D:5      | Reached * piety under Makhleb
  3534 | D:5      | Reached skill level 5 in Armour
  3534 | D:5      | Reached skill level 5 in Dodging
  3705 | D:5      | Reached XP level 8. HP: 68/68 MP: 7/7
  3731 | D:5      | Reached skill level 1 in Invocations
  3731 | D:5      | Reached skill level 1 in Evocations
  4172 | D:5      | Found a glowing silver altar of Zin.
  4215 | D:5      | Noticed Eustachio
  4220 | D:5      | Killed Eustachio
  4251 | D:5      | Found an opulent altar of Gozag.
  4658 | D:6      | Found a hazy altar of Hepliaklqana.
  4733 | D:6      | Found a blossoming altar of Fedhas.
  4843 | D:6      | Noticed Pikel
  4855 | D:6      | Killed Pikel
  4856 | D:6      | Reached skill level 5 in Throwing
  4856 | D:6      | Reached XP level 9. HP: 68/74 MP: 10/10
  4883 | D:6      | Reached ** piety under Makhleb
  4896 | D:6      | Found a glowing golden altar of the Shining One.
  5314 | D:6      | Found an iron altar of Okawaru.
  5499 | D:6      | Reached skill level 10 in Maces & Flails
  5871 | D:7      | Reached skill level 1 in Axes
  6521 | D:8      | Reached XP level 10. HP: 70/84 MP: 9/12
  6735 | D:8      | Reached skill level 5 in Invocations
  6742 | D:8      | Reached *** piety under Makhleb
  6838 | D:8      | Noticed a six-headed hydra
  6867 | D:8      | Killed a six-headed hydra
  6889 | D:8      | Noticed Prince Ribbit
  6961 | D:8      | Identified the ring "Qeqeihel" {rElec rF++ Int+6}
  7000 | D:8      | Found a hide-covered altar of Uskayaw.
  7057 | D:8      | Reached skill level 5 in Evocations
  7101 | D:8      | Killed Prince Ribbit
  7467 | D:9      | Noticed Joseph
  7495 | D:9      | Killed Joseph
  7786 | D:9      | Found a staircase to the Lair.
  8081 | D:10     | Entered Level 10 of the Dungeon
  8211 | D:10     | Reached XP level 11. HP: 89/94 MP: 11/14
  8407 | D:10     | Reached **** piety under Makhleb
  8575 | D:10     | Noticed a two-headed ogre
  8582 | D:10     | Killed a two-headed ogre
  8811 | D:11     | Identified the +2 chain mail "Parept" {rPois rCorr Slay-2}
  9008 | D:11     | Reached skill level 10 in Armour
  9088 | D:11     | Noticed a two-headed ogre
  9088 | D:11     | Noticed a minotaur
  9106 | D:11     | Found a runed translucent gate.
  9106 | D:11     | Found a runed translucent gate.
  9106 | D:11     | Found a runed translucent gate.
  9109 | D:11     | Noticed unrecovered's ghost (journeyman DrTm)
  9223 | D:11     | Noticed a boulder beetle
  9244 | D:11     | Killed a boulder beetle
  9670 | D:11     | Found a runed translucent door.
  9673 | D:11     | Noticed a red ugly thing
  9690 | D:11     | Killed a red ugly thing
  9729 | D:11     | Noticed an ogre mage
  9729 | D:11     | Noticed a two-headed ogre
  9741 | D:11     | Killed a two-headed ogre
  9754 | D:11     | Killed an ogre mage
  9827 | D:11     | Noticed a stone giant
  9842 | D:11     | Killed a stone giant
  9988 | D:12     | Noticed a purple ugly thing
 10003 | D:12     | Killed a purple ugly thing
 10004 | D:12     | Reached XP level 12. HP: 101/101 MP: 16/16
 10119 | D:12     | Found a staircase to the Orcish Mines.
 10156 | D:12     | Reached ***** piety under Makhleb
 10564 | D:12     | Noticed a boulder beetle
 10598 | D:12     | Killed a boulder beetle
 10753 | D:12     | Found a sparkling altar of Nemelex Xobeh.
 11247 | D:13     | Noticed a two-headed ogre
 11258 | D:13     | Killed a two-headed ogre
 11366 | D:13     | Noticed a centaur warrior
 11382 | D:13     | Killed a centaur warrior
 11383 | D:13     | Reached skill level 10 in Dodging
 11591 | D:13     | Noticed a two-headed ogre
 11598 | D:13     | Killed a two-headed ogre
 11724 | D:13     | Noticed a centaur warrior
 11738 | D:13     | Killed a centaur warrior
 11899 | D:13     | Noticed a boulder beetle
 11924 | D:13     | Killed a boulder beetle
 12094 | D:13     | Noticed a centaur warrior
 12108 | D:13     | Killed a centaur warrior
 12217 | D:13     | Found a gate to the Vaults.
 12327 | D:14     | Noticed a centaur warrior
 12342 | D:14     | Killed a centaur warrior
 12419 | D:14     | Reached XP level 13. HP: 94/111 MP: 14/17
 12423 | D:14     | Noticed Snorg
 12442 | D:14     | Killed Snorg
 13261 | D:14     | Reached skill level 10 in Fighting
 13488 | D:15     | Entered Level 15 of the Dungeon
 13742 | D:15     | Reached skill level 10 in Throwing
 13801 | D:15     | Found a staircase to the Depths.
 13801 | D:15     | Noticed a fire giant
 13814 | D:15     | Found a corrupted altar of Lugonu.
 13830 | D:15     | Killed a fire giant
 14286 | Lair:1   | Entered Level 1 of the Lair of Beasts
 15000 | Lair:1   | Noticed Nergalle
 15010 | Lair:1   | Killed Nergalle
 15104 | Lair:2   | Identified the +5 dagger of Guilt {antimagic, Int+2}
 15146 | Lair:2   | Reached XP level 14. HP: 117/121 MP: 18/20
 15272 | Lair:2   | You fall into a shaft and drop 2 floors!
 15438 | Lair:3   | Found a staircase to the Swamp.
 15627 | Lair:2   | Found a gate leading to a gauntlet.
 15640 | Gauntlet | Entered a Gauntlet
 15640 | Gauntlet | Found a transporter.
 15640 | Gauntlet | Found a transporter.
 15642 | Gauntlet | Found a transporter.
 15643 | Gauntlet | Found a transporter.
 15658 | Gauntlet | Found a transporter.
 15666 | Gauntlet | Found a transporter.
 15670 | Gauntlet | Found a transporter.
 15674 | Gauntlet | Found a runed translucent door.
 15674 | Gauntlet | Found a runed translucent door.
 15678 | Gauntlet | Found a transporter.
 15697 | Gauntlet | Found a runed translucent door.
 15697 | Gauntlet | Found the +3 Mad Mage's Maulers {Infuse+∞ VampMP -Cast}
 15698 | Gauntlet | Found a transporter.
 15699 | Gauntlet | Found a runed translucent door.
 15712 | Gauntlet | Found a transporter.
 15716 | Gauntlet | Found a transporter.
 15724 | Gauntlet | Found a transporter.
 15911 | Gauntlet | Identified the +1 hat of the Snake Pit {rC+ Stlth+}
 16142 | Gauntlet | Reached skill level 10 in Invocations
 16153 | Gauntlet | Identified the +3 battleaxe "Yssez" {venom, Fly rElec rPois
                  | Int-3}
 16214 | Gauntlet | Identified the staff of poison "Yhipubi" {rPois rN+ Int+2
                  | Dex+3}
 16376 | Lair:2   | Reached ****** piety under Makhleb
 17458 | Lair:3   | Found a hole to the Spider Nest.
 19353 | Lair:5   | Entered Level 5 of the Lair of Beasts
 19359 | Lair:5   | Reached XP level 15. HP: 123/126 MP: 2/22
 19512 | Lair:5   | Found a staircase to the Slime Pits.
 21766 | D:11     | Killed unrecovered's ghost
 21995 | Orc:1    | Entered Level 1 of the Orcish Mines
 22459 | Orc:2    | Entered Level 2 of the Orcish Mines
 23355 | Orc:2    | Found Vuren's Armour Boutique.
 23355 | Orc:2    | Found Inoitzeg's Distillery.
 23360 | Orc:2    | Found Doulirphue's Magic Scroll Shoppe.
 23362 | Orc:2    | Found Upoyhe's Magic Scroll Shop.
 23691 | Orc:2    | Bought a scroll of enchant weapon for 90 gold pieces
 23695 | Orc:2    | Bought a potion of might for 60 gold pieces
 23695 | Orc:2    | Bought 2 potions of heal wounds for 150 gold pieces
 23695 | Orc:2    | Bought a potion of curing for 45 gold pieces
 23695 | Orc:2    | Bought a potion of ambrosia for 120 gold pieces
 23695 | Orc:2    | Bought a potion of curing for 45 gold pieces
 23695 | Orc:2    | Bought a potion of heal wounds for 75 gold pieces
 23697 | Orc:2    | Bought a scroll of fear for 68 gold pieces
 23697 | Orc:2    | Bought a scroll of fear for 68 gold pieces
 23697 | Orc:2    | Bought a scroll of summoning for 161 gold pieces
 23697 | Orc:2    | Bought a scroll of fear for 68 gold pieces
 23697 | Orc:2    | Bought a scroll of enchant weapon for 127 gold pieces
 23702 | Orc:2    | Bought 2 scrolls of summoning for 228 gold pieces
 23705 | Orc:2    | Bought a +0 cloak for 58 gold pieces
 24000 | Orc:2    | Found a staircase to the Elven Halls.
 24536 | Swamp:1  | Entered Level 1 of the Swamp
 24574 | Swamp:1  | Noticed Louise
 24578 | Swamp:1  | Noticed Aizul
 24579 | Swamp:1  | Slain by a goliath frog

Illustrated notes

Levels and vault maps discovered:
D:1:      amcnicky_arrival_underground_garden, layout_loops_ring,
          basic_ecumenical_altar
D:2:      layout_loops_cross
D:3:      cheibrodos_old_hovel, layout_basic, nicolae_elevator_lobby_asterisk
D:4:      layout_cave_pools, temple_fountains, grunt_ministairs_1
D:5:      layout_basic, pdpol_temple_overflow_zin_treasury_gozag_greed,
          cheibrodos_sewer_entry_sluice, wad_floor_pattern_1, uniq_eustachio,
          uniq_duvessa
D:6:      cheibrodos_quashed, layout_basic, mainiacjoe_overflow_small_starburst,
          kennysheep_mini_moat, nicolae_overflow_hidden_temple,
          lemuel_tele_altar, st_stairs_6, uniq_pikel
D:7:      layout_basic
D:8:      layout_cave_pools, eat_drink_and_be_merry_uskayaw,
          kennysheep_just_a_vault, uniq_prince_ribbit1
D:9:      layout_roguey, lair_entry_dummy, uniq_joseph
D:10:     layout_roguey
D:11:     layout_roguey [special_room_bee], maelrawn_ghost_gauntlet_escape,
          grunt_decor_fettered, lightli_airlock
D:12:     layout_cave_pools, kennysheep_orc_monster_closet_entryway,
          hangedman_decor_growths, serial_bayou_pond_d,
          nemelex_lonely_heart_becter
D:13:     layout_long_grid, david_vaults_1
D:14:     layout_loops_ring, serial_bayou_ford_a, uniq_snorg
D:15:     grunt_enter_depths_giant_problem, layout_cave_pools,
          small_statue_intersection, tgw_lugonu_bribe
Temple:   hellmonk_temple_two_chambers
Lair:1:   layout_chaotic_city, st_stairs_10, uniq_nergalle
Lair:2:   layout_chaotic_city, gauntlet_entry_generic,
          portal_ice_cave_entry_imps, grunt_megastairs_1, lemuel_fruit_tree,
          infiniplex_staircase_pool
Lair:3:   layout_cave_shapes, skrybe_swamp_entry_bodies, spider_nest_entry_webs
Lair:4:   layout_cave_pods, grunt_megastairs_5
Lair:5:   evilmike_catoblepas_cave, layout_cave_pods,
          nicolae_slime_entry_field_trip
Swamp:1:  layout_basic_swamp, nicolae_swamp_trees_clearing,
          nzn_swamp_dancing_lights, uniq_louise, uniq_aizul
Orc:1:    layout_caves
Orc:2:    st_orc_rangers, layout_caves

Skill      XL: |  1  2  3  4  5  6  7  8  9 10 11 12 13 14 15 |
---------------+----------------------------------------------+-----
Fighting       | 3 4 5 6 8 9 10 11 | 11.6
Armour         | 1 2 3 4 5 6 8 10 11 14 | 14.0
Maces & Flails | 4 5 7 9 10 12 14 | 14.0
Dodging        | 4 5 8 10 12 13 | 13.0
Throwing       | 3 5 6 7 9 10 | 10.0
Invocations    | 3 4 6 7 9 10 12 | 12.7
Evocations     | 3 4 5 6 7 8 9 |  9.7
Axes           | 2 |  2.2

Action                     |  1- 3 |  4- 6 |  7- 9 | 10-12 | 13-15 || total
---------------------------+-------+-------+-------+-------+-------++-------
  Melee: Flail             |    68 |   148 |   237 |     2 |       ||   455
         Headbutt          |     6 |    12 |    51 |   124 |   248 ||   441
         Punch             |       |     1 |     4 |       |       ||     5
         Battleaxe         |       |       |    22 |    14 |    20 ||    56
         Dire flail        |       |       |       |   634 |   971 ||  1605
         Great mace        |       |       |       |       |    36 ||    36
  Throw: Javelin           |     1 |     7 |    13 |     5 |    22 ||    48
         Throwing net      |       |     2 |     1 |     4 |       ||     7
         Boomerang         |       |    21 |     6 |   111 |   111 ||   249
 Invoke: Minor Destruction |       |       |     1 |    13 |    29 ||    43
         Lesser Servant of |       |       |       |     3 |     1 ||     4
         Major Destruction |       |       |       |     1 |    50 ||    51
  Evoke: Wand              |       |       |     1 |     6 |    19 ||    26
    Use: Scroll            |     2 |     8 |     7 |     6 |    10 ||    33
         Potion            |       |       |       |    14 |    12 ||    26
   Stab: Sleeping          |     1 |       |       |       |       ||     1
         Held in net/web   |       |       |     1 |     2 |       ||     3
         Paralysed         |       |       |       |     6 |       ||     6
 Armour: Leather armour    |    11 |       |       |       |       ||    11
         Ring mail         |    26 |    77 |    15 |       |       ||   118
         Chain mail        |       |       |    76 |       |       ||    76
         Plate armour      |       |       |    63 |   500 |   565 ||  1128
  Dodge: Dodged            |    66 |    95 |   120 |   378 |   612 ||  1271
